 Dungeon Crawl Stone Soup version 0.30.1-9-gdf580d7c3d (webtiles) character file.

Game seed: 16523110449340433301

119 Peloso the Trooper (level 4, -8/41 HPs)
             Began as a Minotaur Fighter on Oct 25, 2023.
             Splashed by a jelly's acid (9 damage)
             ... on level 4 of the Dungeon.
             The game lasted 00:03:29 (1902 turns).

Peloso the Trooper (Minotaur Fighter)               Turns: 1902, Time: 00:03:30

Health: -8/41      AC:  0    Str: 20      XL:     4   Next: 74%
Magic:  3/3        EV:  9    Int:  2 (5)  God:
Gold:   71         SH:  5    Dex: 12      Spells: 3/3 levels left

rFire   + . .        a - +0 long sword
rCold   . . .        d - +0 buckler
rNeg    . . .        b - +0 scale mail
rPois   .            (helmet restricted)
rElec   .            (no cloak)
rCorr   .            (no gloves)
SInv    .            (no boots)
Will    .....        (no amulet) Stlth
                     (no ring)
HPRegen 0.26/turn    (no ring)
MPRegen 0.08/turn

%: no passive effects
@: corroded
A: horns 2, retaliatory headbutt, fire resistance 1
a: no special abilities


You were on level 4 of the Dungeon.
You visited 1 branch of the dungeon, and saw 4 of its levels.

You collected 71 gold pieces.

Inventory:

Hand Weapons
 a - a +0 long sword (weapon)
Armour
 b - a +0 scale mail (worn)
 c - a +0 buckler
 d - a +0 buckler (worn)
Scrolls
 g - a scroll of teleportation {unknown}
 i - a scroll of magic mapping {unknown}
 j - a scroll of acquirement {unknown}
 l - a scroll of identify {unknown}
 m - a scroll of fog {unknown}
Potions
 e - a potion of might
 f - a potion of attraction {unknown}
 k - a potion of flight


   Skills:
 + Level 4.3 Fighting
 + Level 4.3 Long Blades
 + Level 4.3 Armour
 + Level 0.8 Dodging
 + Level 4.1 Shields
 + Level 0.3 Unarmed Combat


You had 3 spell levels left.
You didn't know any spells.
Your spell library contained the following spells:

 Spells                   Type           Power      Damage    Failure   Level
 Sting                    Tmut/Pois      0%         1d3       92%         1
 Poisonous Vapours        Pois/Air       0%         N/A       98%         2
 Animate Dead             Necr           0%         N/A       100%        4
 Olgreb's Toxic Radiance  Pois           0%         N/A       100%        4
 Borgnjor's Vile Clutch   Necr/Erth      0%         N/A       100%        5
 Death Channel            Necr           0%         N/A       100%        6


Dungeon Overview and Level Annotations

Branches:
Dungeon (4/15)
 Temple: D:4-7

Altars:
Kikubaaqudgha
Uskayaw

Shops:
D:1 :   D:3 ?

Annotations:
D:3 3 runed translucent doors, Ijyb; ripuliukko's ghost, weakling GrEE


Innate Abilities, Weirdness & Mutations

You have a pair of horns on your head.
You reflexively headbutt those who attack you in melee.
Your flesh is heat resistant. (rF+)


Message History

The orc is moderately wounded.
The orc hits you with a +0 dagger.
You barely miss the orc.
The orc is moderately wounded.
The orc hits you with a +0 dagger.
You barely miss the orc. Your headbutt misses the orc.
The orc is moderately wounded.
The orc hits you but does no damage.
You hit the orc.
You kill the orc!
Things that are here:
a +0 dagger; an orc corpse
Things that are here:
a +0 dagger; an orc corpse A quokka comes into view.
Found 10 gold pieces.
You block the quokka's attack.
You closely miss the quokka. You headbutt the quokka.
You kill the quokka!
A jelly comes into view.
The jelly quivers.
A jelly is nearby!
The jelly barely misses you.
You hit the jelly.
Your hands burn!
The jelly is lightly wounded.
You block the jelly's attack.
You hit the jelly. The acid corrodes you!
Your hands burn!
The jelly is heavily wounded.
The jelly hits you. The acid corrodes you!
You are splashed with acid!
You hit the jelly but do no damage.
Your hands burn!
The jelly is heavily wounded.
The jelly hits you.
You are splashed with acid!
* * * LOW HITPOINT WARNING * * *
You hit the jelly.
Your hands burn!
* * * LOW HITPOINT WARNING * * *
The jelly is severely wounded.
The jelly hits you.
* * * LOW HITPOINT WARNING * * *
You are splashed with acid!
You die...

#. ###.# #..... #.#
#...###....# # ....
#.....#....##$# #.#.#
#.....+........
......#.....#.......
#.....#.....#........#..
#..............###.#.#.
......J@...............
#.#.#######.##)###.....
$.........##.....
..........##.# .#
.........♣..#.###.#
...................
.........<..)......
.~............##..#
~.....♣...♣#)# ..#


You could see a jelly.

Vanquished Creatures
  An orc priest (D:4)
  3 gnolls
  2 worms
  A dart slug (D:3)
  6 orcs (D:4)
  A ball python (D:1)
  6 endoplasms
  3 giant cockroaches
  A goblin (D:4)
  5 hobgoblins
  4 jackals (D:4)
  4 kobolds
  3 quokkas
  3 bats
  2 frilled lizards
  A rat (D:1)
46 creatures vanquished.

Notes
Turn   | Place    | Note
-------+----------+-------------------------------------------
     0 | D:1      | Peloso the Minotaur Fighter began the quest for the Orb.
     0 | D:1      | Reached XP level 1. HP: 19/19 MP: 0/0
    60 | D:1      | Gained mutation: Your flesh is heat resistant. (rF+)
                  | [potion of mutation]
   277 | D:1      | Found Odilarr's Book Boutique.
   454 | D:1      | Reached XP level 2. HP: 27/27 MP: 1/1
   752 | D:2      | Reached XP level 3. HP: 29/33 MP: 2/2
  1037 | D:2      | Found a hide-covered altar of Uskayaw.
  1360 | D:3      | Found an ancient bone altar of Kikubaaqudgha.
  1388 | D:3      | Found a runed translucent gate.
  1388 | D:3      | Found a runed translucent gate.
  1389 | D:3      | Noticed ripuliukko's ghost (weakling GrEE)
  1391 | D:3      | Found a runed translucent gate.
  1434 | D:3      | Found a faded altar of an unknown god.
  1641 | D:3      | Noticed Ijyb
  1646 | D:3      | Found Meivong's Magic Scroll Shoppe.
  1728 | D:4      | Reached XP level 4. HP: 5/40 MP: 3/3
  1902 | D:4      | HP: 1/41 [jelly (3)]
  1902 | D:4      | Splashed by a jelly's acid

Illustrated notes

Levels and vault maps discovered:
D:1:      dpeg_arrival_radiant, layout_basic, serial_shops,
          nicolae_shop_tiny_waterfront
D:2:      layout_basic, basic_altar
D:3:      layout_loops_corners, mainiacjoe_overflow_24_doors,
          gammafunk_temple_overflow_pools, ebering_ecumenical_altar_mist,
          serial_shops, shop, gammafunk_ghost_split, nrook_mini_vaults,
          uniq_ijyb
D:4:      layout_basic, minmay_temple_entry_butterflies,
          corexii_leaking_fountain, fountainhead, grunt_ministairs_1,
          uniq_duvessa, uniq_natasha

Skill      XL: |  1  2  3  4 |
---------------+-------------+-----
Shields        | 4 |  4.1
Fighting       | 4 |  4.3
Armour         | 4 |  4.3
Long Blades    | 3 4 |  4.3
Dodging        | |  0.8
Unarmed Combat | |  0.3

Action                     |  1- 3 |  4- 6 || total
---------------------------+-------+-------++-------
  Melee: Long sword        |    64 |    50 ||   114
         Headbutt          |     9 |     6 ||    15
         Unarmed           |    14 |       ||    14
    Use: Potion            |     3 |     3 ||     6
         Scroll            |     1 |       ||     1
 Armour: Scale mail        |    34 |    16 ||    50
  Dodge: Dodged            |    47 |     9 ||    56
  Block: Buckler           |    14 |    12 ||    26
